 Dungeon Crawl Stone Soup version 0.17-a0-1020-ge683cc4 (webtiles) character file.

93 Sonntagskind the Insei (level 4, 0/36 HPs)
             Began as a Demonspawn Monk on May 14, 2015.
             Was a Believer of Okawaru.
             Succumbed to Ijyb's poison
             ... on level 2 of the Dungeon.
             The game lasted 00:04:09 (1863 turns).

Sonntagskind the Insei (Demonspawn Monk)            Turns: 1863, Time: 00:04:09

Health: 0/36       AC: 13    Str: 10 (11) XL:     4   Next: 36%
Magic:  4/4        EV:  5    Int: 12      God:    Okawaru [**....]
Gold:   128        SH:  0    Dex: 16      Spells: 0 memorised, 3 levels left

rFire  . . .     SeeInvis .       - Unarmed
rCold  . . .     Clarity  .     h - +0 shadow dragon armour
rNeg   . . .     SustAb   .     (no shield)
rPois  .         Gourm    .     (no helmet)
rElec  .         Spirit   .     q - +0 cloak
rCorr  .         Warding  .     (no gloves)
rMut   +         Stasis   .     (no boots)
MR     .....                    f - amulet of resist mutation
Stlth  +++.......               (no ring)
                                (no ring)

@: lethally poisoned (0 -> -14), not resistant to hostile enchantments, fairly
stealthy
A: rugged brown scales 2
a: Heroism, Renounce Religion


You were on level 2 of the Dungeon.
You worshipped Okawaru.
Okawaru was pleased with you.
You were not hungry.

You visited 1 branch of the dungeon, and saw 2 of its levels.

You collected 128 gold pieces.

Inventory:

Armour
 h - a +0 shadow dragon armour (worn)
 q - a +0 cloak (worn)
Jewellery
 f - an amulet of resist mutation (around neck)
Scrolls
 a - 3 scrolls of remove curse {unknown}
 c - 6 scrolls of identify {unknown}
 d - a scroll of enchant armour {unknown}
 e - 2 scrolls of teleportation {unknown}
 i - a scroll of blinking {unknown}
 j - a scroll of enchant weapon {unknown}
 m - a scroll of noise {unknown}
 n - a scroll of magic mapping {unknown}
Comestibles
 b - 2 bread rations
 g - 2 meat rations
 o - 4 fruits
 r - a beef jerky


   Skills:
 - Level 3.0 Fighting
 - Level 2.6 Dodging
 - Level 1.7 Stealth
 + Level 5.3 Unarmed Combat
 + Level 0.3 Invocations


You had 3 spell levels left.
You didn't know any spells.

Dungeon Overview and Level Annotations

Branches:
Dungeon (2/15)

Altars:
Okawaru


Innate Abilities, Weirdness & Mutations

You are mostly covered in rugged brown scales (AC +2, +5% HP).


Message History

Drop what? 16/52 slots (_ for help) (? for menu, Esc to quit)
You drop a potion of degeneration.
* * * LOW HITPOINT WARNING * * *
You feel sick.
There is a lethal amount of poison in your body!
There is a lethal amount of poison in your body!
There is a lethal amount of poison in your body!
* * * LOW HITPOINT WARNING * * *
You feel sick.
* * * LOW HITPOINT WARNING * * *
You feel sick.
* * * LOW HITPOINT WARNING * * *
You feel sick.
* * * LOW HITPOINT WARNING * * *
You feel sick.
* * * LOW HITPOINT WARNING * * *
You feel sick.
* * * LOW HITPOINT WARNING * * *
You feel sick.
You die...

# ############## ..
##...........@#######
........................
...##...................
...##...................
.................#######
.................)......
...#.............#......
...#.......)....!#......
.........######### ..?..


There were no monsters in sight!

Vanquished Creatures
  Ijyb (D:2)
  Robin (D:2)
  An adder (D:1)
  A giant gecko (D:2)
  5 bats
  14 goblins
  4 hobgoblins
  A ball python (D:1)
  3 giant cockroaches (D:1)
  3 giant newts
  5 kobolds
  8 rats
47 creatures vanquished.

Notes
Turn   | Place    | Note
--------------------------------------------------------------
     0 | D:1      | Sonntagskind the Demonspawn Monk began the quest for the Orb.
     0 | D:1      | Reached XP level 1. HP: 18/18 MP: 1/1
    90 | D:1      | Found an iron altar of Okawaru.
   103 | D:1      | Became a worshipper of Warmaster Okawaru
   103 | D:1      | Acquired Okawaru's first power
   355 | D:1      | Reached skill level 4 in Unarmed Combat
   361 | D:1      | Gained mutation: You are partially covered in rugged brown scales (AC +1, +3% HP). [demonic ancestry]
   361 | D:1      | Reached XP level 2. HP: 13/24 MP: 2/2
   990 | D:1      | Gained mutation: You are mostly covered in rugged brown scales (AC +2, +5% HP). [demonic ancestry]
   990 | D:1      | Reached XP level 3. HP: 18/30 MP: 3/3
  1531 | D:2      | Noticed Robin
  1581 | D:2      | Killed Robin
  1581 | D:2      | Reached skill level 5 in Unarmed Combat
  1819 | D:2      | Noticed Ijyb
  1852 | D:2      | Killed Ijyb
  1852 | D:2      | Reached XP level 4. HP: 20/36 MP: 4/4
  1862 | D:2      | HP: 1/36 [poisoned by Ijyb]
  1863 | D:2      | Succumbed to Ijyb's poison

Vault maps used:
D:1:      matt_arrival_diagonals, okawaru_ov_weapons_minmay
D:2:      uniq_robin, uniq_iyjb

Action                   |  1- 3 |  4- 6 || total
-------------------------+-------+-------++-------
Melee: Unarmed           |   189 |       ||   189
Invok: Heroism           |     1 |       ||     1
  Use: Potion            |     3 |     1 ||     4
  Eat: Chunk             |     3 |       ||     3
